AoeStats
← SHK

Arena

510734776Analyzed
2v2 RM · 14h ago on Oct 2, 2026· 53m 27s· 4 players
Game mode
Random Map
Map size
Medium (4 player)
Population
200
Speed
Normal
Resources
Standard
Victory
Conquest
Starting age
Dark Age
Ending age
Imperial Age
RankedLock teamsTeams togetherTeam positionsShared explorationLock speedFull tech treeHidden civsTurbo modeCheats
Victory
Defeat
🇭🇰 Saxons · Hong Kong SAR China
1097
+17
🇭🇰 Portuguese · Hong Kong SAR China
1064
+18
🇰🇷 Cumans · South Korea
1126
-18
🇧🇬 Aztecs · Bulgaria
1109
-17
SHK
1:47 Loom
10:17 Feudal Age
15:30 Castle Age
14:02 Double-Bit Axe
14:41 Horse Collar
17:36 Bow Saw
19:07 Heavy Plow
24:37 Gold Mining
25:37 Wheelbarrow
31:27 Imperial Age
29:20 Stone Mining
30:44 Forging
30:41 Scale Barding Armor
31:11 Hand Cart
32:11 Gold Shaft Mining
31:47 Elite Steppe Lancer
32:50 Conscription
33:50 Bloodlines
36:04 Iron Casting
35:50 Chain Barding Armor
37:00 Onager
39:17 Blast Furnace
38:53 Plate Barding Armor
38:53 Siege Onager
43:28 Cavalier
48:23 Light Cavalry
50:19 Two-Man Saw
49:52 Crop Rotation
50:13 Capped Ram
50:17 Hussar
NightJewel39582
11:14 Feudal Age
15:48 Castle Age
13:35 Loom
15:38 Town Watch
18:46 Gold Mining
18:42 Double-Bit Axe
19:31 Horse Collar
20:23 Fletching
21:16 Wheelbarrow
22:11 Fervor
25:10 Bodkin Arrow
32:22 Imperial Age
31:38 Hand Cart
31:39 Bow Saw
31:36 Scale Mail Armor
31:47 Forging
32:09 Heavy Plow
32:47 Gold Shaft Mining
33:28 Chain Mail Armor
33:49 Iron Casting
35:52 Plate Mail Armor
36:52 Blast Furnace
35:49 Gambesons
35:25 Eagle Warrior
40:15 Bracer
40:38 Squires
Happy Hour 11PM
10:54 Feudal Age
14:46 Castle Age
12:33 Horse Collar
12:43 Double-Bit Axe
22:05 Redemption
24:12 Fletching
25:20 Loom
26:12 Wheelbarrow
27:19 Gold Mining
31:26 Imperial Age
28:55 Clerical Recruitment
29:58 Bow Saw
31:00 Bodkin Arrow
33:12 Bracer
33:30 Husbandry
33:40 Bloodlines
34:41 Heavy Mounted Crossbowman
36:39 Conscription
37:33 Padded Archer Armor
39:13 Hand Cart
39:21 Ballistics
40:02 Chemistry
39:31 Leather Archer Armor
38:42 Cranequins
39:28 Thumb Ring
42:43 Siege Engineers
45:23 Ring Archer Armor
46:07 Scale Mail Armor
46:17 Forging
47:27 Shield Wall
48:14 Elite Varangian Guard
48:55 Squires
48:40 Gambesons
48:41 Arson
49:15 Chain Mail Armor
49:35 Iron Casting
49:40 Hoardings
50:09 Two-Man Saw
49:52 Gold Shaft Mining
49:46 Town Watch
50:14 Heavy Plow
51:13 Masonry
52:32 Plate Mail Armor
53:25 Scale Barding Armor
特朗葡
7:03 Loom
11:00 Feudal Age
14:45 Castle Age
12:47 Double-Bit Axe
12:57 Horse Collar
16:27 Bow Saw
17:17 Loom
17:19 Town Watch
17:52 Fletching
20:29 Wheelbarrow
20:46 Stone Mining
22:50 Gold Mining
24:26 Masonry
24:25 Bodkin Arrow
28:17 Imperial Age
26:25 Heavy Plow
26:43 Padded Archer Armor
27:48 Murder Holes
30:37 Two-Man Saw
30:31 Conscription
31:47 Chemistry
32:00 Crop Rotation
32:41 Hand Cart
33:09 Arquebus
34:42 Bracer
34:58 Leather Archer Armor
35:53 Architecture
36:48 Elite Organ Gun
40:32 Ring Archer Armor
41:25 Town Patrol
Connection lost

Rejoining the realm…

Still unreachable

The connection could not be restored.

Session expired

The server has moved on; the page needs a fresh start.